[Event "Late Titled Tuesday Blitz February 8 2022"]
[White "Cupid, Kevin"]
[Black "Kirillov, Dmitry"]
[WhiteFideId "7700512"]
[BlackFideId "34180572"]
[WhiteElo "2096"]
[BlackElo "2076"]
[Result "1-0"]
[Round "04"]
[TimeControl "180+1"]
[Date "2022.02.09"]
[WhiteClock "0:00:23"]
[BlackClock "0:00:13"]

1. d4 Nf6 2. c4 e6 3. Nf3 b6 4. a3 d5 5. Nc3 Bb7 6. Bg5 Be7 7. e3 O-O 8. Rc1 Nbd7 9. cxd5 Nxd5 10. Nxd5 Bxd5 11. Bxe7 Qxe7 12. Rxc7 Rfc8 13. Rxc8+ Rxc8 14. Ba6 Bxf3 15. gxf3 Rc7 16. O-O Nf6 17. f4 Qd6 18. Qf3 h5 19. Bd3 g6 20. Kg2 Nd5 21. Kh3 Kg7 22. Rg1 Ne7 23. Kg2 Nf5 24. Bxf5 exf5 25. Qe2 Qd5+ 26. Kh3 Qe4 27. Rd1 Rc2 28. f3 Rxe2 29. fxe4 fxe4 30. d5 Rxe3+ 31. Kg2 Rd3 32. Rxd3 exd3 33. Kf3 Kf6 34. Ke3 Ke7 35. Kxd3 Kd6 36. Kd4 h4 37. h3 f6 38. Ke4 a6 39. b3 b5 40. b4 g5 41. fxg5 fxg5 42. Kf5 Kxd5 43. Kxg5 Ke5 44. Kxh4 Kf4 45. Kh5 Kf5 46. Kh6 Kf6 47. h4 Kf7 48. Kg5 Kg7 49. Kf5 Kh6 50. Ke5 Kh5 51. Kd6 Kxh4 52. Kc5 Kg4 53. Kb6 Kf5 54. Kxa6 Ke4 55. Kxb5 Kd5 56. Kb6 Kd6 57. b5 Kd7 58. Kb7 Kd6 59. a4 Kc5 60. a5 Kxb5 61. a6 1-0


[Site "https://www.chess.com"]

[Event "Late Titled Tuesday Blitz February 8 2022"]
[White "Curtis, John"]
[Black "Zhurbinsky, David"]
[WhiteFideId "3200256"]
[BlackFideId "2072904"]
[WhiteElo "2203"]
[BlackElo "2572"]
[Result "1-0"]
[Round "04"]
[TimeControl "180+1"]
[Date "2022.02.09"]
[WhiteClock "0:00:18"]
[BlackClock "0:00:02"]

1. e4 e5 2. Nf3 Nc6 3. Bb5 a6 4. Ba4 Nf6 5. d3 b5 6. Bb3 Be7 7. O-O O-O 8. Nc3 d6 9. Nd5 Na5 10. Nxe7+ Qxe7 11. Nd2 Nxb3 12. Nxb3 d5 13. Be3 d4 14. Bg5 h6 15. Bd2 c5 16. f4 c4 17. Na5 exf4 18. Rxf4 Qc7 19. Rxf6 gxf6 20. Qh5 c3 21. bxc3 Qxa5 22. Rf1 Qb6 23. Bxh6 dxc3+ 24. Kh1 Re8 25. h3 Re5 26. Qh4 Bd7 27. Rxf6 Qd8 28. Bg5 Rxg5 29. Qxg5+ Kf8 30. Qg6 Be6 31. Qh6+ Ke7 32. Qg5 Qg8 33. Rg6+ Kf8 34. Rxg8# 1-0


[Site "https://www.chess.com"]

[Event "Late Titled Tuesday Blitz February 8 2022"]
[White "Daggupati, Balaji"]
[Black "Timofeev, Artyom"]
[WhiteFideId "2090759"]
[BlackFideId "4140419"]
[WhiteElo "2735"]
[BlackElo "2583"]
[Result "0-1"]
[Round "04"]
[TimeControl "180+1"]
[Date "2022.02.08"]
[WhiteClock "0:00:16"]
[BlackClock "0:00:08"]

1. e4 c5 2. Nf3 Nc6 3. Bb5 d6 4. O-O Bd7 5. Nc3 e5 6. a3 Be7 7. Nd5 Nf6 8. Nxf6+ Bxf6 9. d3 O-O 10. Be3 Be6 11. Nd2 Bg5 12. Bc4 Bxe3 13. fxe3 Qd7 14. Bxe6 Qxe6 15. Qh5 b5 16. Rf2 Rac8 17. Raf1 Ne7 18. Nf3 Qg6 19. Qh4 Nc6 20. Qh3 Qe6 21. Qh4 h6 22. Qg3 Qg6 23. Qh3 Qe6 24. Qg3 Qg6 25. Qh3 Ne7 26. Nh4 Qg5 27. Rf3 h5 28. Nf5 Nxf5 29. Rxf5 Qg4 30. Rxh5 Qxh3 31. Rxh3 c4 32. d4 a5 33. Rhf3 f6 34. dxe5 dxe5 35. Rd1 Rfd8 36. Rd5 Rxd5 37. exd5 Kf7 38. e4 Ke7 39. Rg3 g5 40. Kf2 Kd6 41. Rf3 Rf8 42. Ke3 b4 43. axb4 axb4 44. Rf1 Kc5 45. Ra1 f5 46. Ra6 f4+ 47. Kf3 Kd4 48. Rc6 c3 49. b3 g4+ 50. Kxg4 Kxe4 51. Rc4+ Ke3 52. d6 Rd8 53. Kf5 Rxd6 54. Kxe5 Rd8 55. Rxb4 Kd2 56. Kxf4 Kxc2 57. Rc4 Kxb3 58. Rc7 c2 59. h4 Rd4+ 60. Kg5 Rc4 61. Rb7+ Kc3 62. Rf7 c1=Q+ 63. Kg6 Rg4+ 64. Kh5 Rc4 65. g4 Qd1 66. Rg7 Qf3 67. Rg8 Qf7+ 68. Rg6 Rc6 0-1


[Site "https://www.chess.com"]

[Event "Late Titled Tuesday Blitz February 8 2022"]
[White "Demchenko, Anton"]
[Black "Dourerassou, Jonathan"]
[WhiteFideId "4160258"]
[BlackFideId "628050"]
[WhiteElo "2539"]
[BlackElo "2513"]
[Result "1-0"]
[Round "04"]
[TimeControl "180+1"]
[Date "2022.02.08"]
[WhiteClock "0:00:43"]
[BlackClock "0:00:11"]

1. e4 d6 2. d4 g6 3. Nf3 Bg7 4. Bc4 a6 5. Bb3 Nf6 6. Qe2 O-O 7. e5 dxe5 8. dxe5 Nd5 9. h3 Nc6 10. O-O e6 11. Rd1 Qe7 12. Bg5 Qc5 13. Nbd2 Nd4 14. Nxd4 Qxd4 15. Nc4 Qc5 16. c3 b5 17. Nd2 Bb7 18. Ne4 Qc6 19. Bxd5 exd5 20. Nf6+ Kh8 21. Rd4 Rfe8 22. Re1 Re6 23. Rh4 Bxf6 24. Bxf6+ Rxf6 25. exf6 Qxf6 26. Qe7 Qxe7 27. Rxe7 Kg7 28. Rf4 Rf8 29. Rxc7 Bc8 30. a4 Be6 31. Ra7 bxa4 32. Rxa4 Rb8 33. Rb4 Rc8 34. Rxa6 Kf6 35. f3 Ke5 36. Kf2 g5 37. h4 h6 38. g3 Rg8 39. Ra1 Kd6 40. hxg5 hxg5 41. g4 Rh8 42. Kg3 Ke5 43. Rb6 Kf6 44. Re1 Ra8 45. f4 gxf4+ 46. Kxf4 Ra4+ 47. Rb4 Ra8 48. g5+ Ke7 49. Rb7+ Kd6 50. g6 Rf8 51. gxf7 Bxf7 52. Rb6+ Kc5 53. Rf6 1-0


[Site "https://www.chess.com"]

[Event "Late Titled Tuesday Blitz February 8 2022"]
[White "Devagharan, Devina"]
[Black "Vifleemskaia, Svetlana"]
[WhiteFideId "2061600"]
[BlackFideId "4129490"]
[WhiteElo "2217"]
[BlackElo "1901"]
[Result "1/2-1/2"]
[Round "04"]
[TimeControl "180+1"]
[Date "2022.02.09"]
[WhiteClock "0:00:16"]
[BlackClock "0:00:53"]

1. d4 Nf6 2. c4 e6 3. Nc3 Bb4 4. e3 O-O 5. Ne2 Re8 6. a3 Bf8 7. Ng3 d5 8. Bd3 dxc4 9. Bxc4 c5 10. O-O Nc6 11. dxc5 Qxd1 12. Rxd1 Bxc5 13. b4 Be7 14. Bb2 a6 15. Rac1 b5 16. Bb3 Bb7 17. Nge2 Red8 18. Rxd8+ Rxd8 19. Rd1 Rxd1+ 20. Nxd1 Kf8 21. f3 a5 22. bxa5 Nxa5 23. Ba2 Bd5 24. Bxd5 Nxd5 25. Kf2 Nc4 26. Bc1 Bxa3 27. Bxa3+ Nxa3 28. Nd4 b4 29. Nb2 Ke7 30. Ke2 Kd6 31. Kd3 Nb6 32. e4 g6 33. f4 f6 34. Nb3 e5 35. g3 f5 36. fxe5+ Kxe5 37. exf5 gxf5 38. Ke3 Nd5+ 39. Kf3 h5 40. Nd3+ Kf6 41. h3 Nc4 42. g4 fxg4+ 43. hxg4 h4 44. Kg2 Kg5 45. Kh3 Nce3 46. Nxb4 Nxb4 47. Nd4 Nxg4 48. Nf3+ Kf4 49. Nxh4 Nd3 50. Ng2+ Kf3 51. Nh4+ Kf4 52. Ng2+ Kg5 53. Kg3 Nde5 54. Ne1 Kf5 55. Nf3 Ng6 56. Nh4+ Nxh4 1/2-1/2


[Site "https://www.chess.com"]

[Event "Late Titled Tuesday Blitz February 8 2022"]
[White "Djokic, Mihailo"]
[Black "Li, Ben"]
[WhiteFideId "976440"]
[BlackFideId "2089980"]
[WhiteElo "2560"]
[BlackElo "2762"]
[Result "0-1"]
[Round "04"]
[TimeControl "180+1"]
[Date "2022.02.09"]
[WhiteClock "0:00:01"]
[BlackClock "0:00:24"]

1. e4 e5 2. Nf3 Nf6 3. Nc3 Nc6 4. Bb5 Bb4 5. O-O O-O 6. d3 d6 7. Bg5 Bxc3 8. bxc3 Bd7 9. Re1 a6 10. Ba4 h6 11. Bh4 Ne7 12. Bxd7 Nxd7 13. d4 Qe8 14. Rb1 b6 15. dxe5 dxe5 16. Bxe7 Qxe7 17. Qd5 Rfe8 18. Red1 Nc5 19. Qc6 Rad8 20. h3 g6 21. Kh2 Kg7 22. h4 a5 23. g3 Qf6 24. Qxf6+ Kxf6 25. Re1 Rd7 26. Re2 Red8 27. Kg2 Rd1 28. Re1 Rxb1 29. Rxb1 Nxe4 30. Re1 Nxc3 31. Nxe5 Nxa2 32. Ng4+ Kg7 33. Re7 Rd5 34. Rxc7 Nb4 35. c4 Rc5 36. Rb7 a4 37. Rxb6 Rxc4 38. Ne3 Rd4 39. Rb7 a3 40. Ra7 a2 41. h5 Rd2 42. hxg6 Kxg6 43. Ra4 Nd3 44. Ng4 h5 45. Ra6+ Kg7 46. Ne3 Rxf2+ 47. Kh3 Nc1 48. Nd1 Rd2 49. Nc3 Rc2 50. Ne4 Nb3 51. Nd6 a1=Q 52. Ne8+ Kf8 53. Rh6 Kxe8 0-1


[Site "https://www.chess.com"]

[Event "Late Titled Tuesday Blitz February 8 2022"]
[White "Domingo Nunez, Alejandro"]
[Black "Lenderman, Aleksandr"]
[WhiteFideId "22245561"]
[BlackFideId "2021285"]
[WhiteElo "2215"]
[BlackElo "2651"]
[Result "0-1"]
[Round "04"]
[TimeControl "180+1"]
[Date "2022.02.08"]
[WhiteClock "0:00:06"]
[BlackClock "0:00:13"]

1. Nf3 Nf6 2. g3 b5 3. Bg2 Bb7 4. O-O e6 5. d4 c5 6. a4 b4 7. Bg5 cxd4 8. Nxd4 Bxg2 9. Kxg2 Be7 10. Nb3 O-O 11. N1d2 Nc6 12. e4 d5 13. Qe2 Rc8 14. Rfd1 Qc7 15. Rac1 Rfd8 16. h4 h6 17. Bf4 e5 18. exd5 Nxd5 19. Be3 Nxe3+ 20. Qxe3 Nd4 21. Nf3 Nxf3 22. Qxf3 Bf8 23. a5 Qc4 24. Qb7 Rxd1 25. Rxd1 Rc7 26. Qa8 Rc8 27. Qb7 Qc6+ 28. Qxc6 Rxc6 29. Rd2 Bd6 30. Kf1 f5 31. Ke2 Kf7 32. Kd1 Ke6 33. Kc1 Rc4 34. Kd1 g5 35. hxg5 hxg5 36. Nc1 g4 37. Nb3 Bc7 38. Ke2 Bd6 39. Kd3 Rc8 40. Ke2 Rh8 41. Kd3 Rh1 42. Kc4 Rb1 43. Kb5 Rxb2 44. Kc6 Be7 45. Kb7 Bg5 46. Re2 Kd5 47. Kxa7 f4 48. gxf4 exf4 49. Kb7 f3 50. Re8 Rxc2 51. a6 Ra2 52. a7 Kc4 53. Rg8 Bf6 54. Nd2+ Kd3 55. Nf1 b3 56. a8=Q Rxa8 57. Kxa8 b2 58. Rb8 Ke2 59. Ne3 g3 60. Ng4 g2 61. Nxf6 g1=Q 62. Rxb2+ Kd3 63. Nd5 Qg8+ 64. Ka7 Qxd5 65. Ka6 Qc4+ 66. Ka5 Qc3+ 67. Rb4 Ke2 68. Kb5 Qxb4+ 69. Kxb4 Kxf2 70. Kc3 Ke2 71. Kd4 f2 72. Ke4 f1=Q 73. Kd5 Qf3+ 74. Kc4 Qe3 75. Kd5 Qd3+ 76. Kc5 Ke3 0-1


[Site "https://www.chess.com"]

[Event "Late Titled Tuesday Blitz February 8 2022"]
[White "Erdogdu, Mert"]
[Black "Sjugirov, Sanan"]
[WhiteFideId "6301495"]
[BlackFideId "4189302"]
[WhiteElo "2485"]
[BlackElo "2602"]
[Result "0-1"]
[Round "04"]
[TimeControl "180+1"]
[Date "2022.02.08"]
[WhiteClock "0:00:09"]
[BlackClock "0:00:06"]

1. e4 e5 2. f4 exf4 3. Nf3 g5 4. Bc4 d5 5. Bxd5 g4 6. O-O gxf3 7. Qxf3 Qf6 8. e5 Qg6 9. Bxb7 Qb6+ 10. d4 Bxb7 11. Qxf4 Qg6 12. Rf2 Bh6 13. Qh4 Bxc1 14. Nc3 Bxb2 15. Nb5 Bxa1 16. Nxc7+ Kd7 17. Nb5 Ne7 18. Nd6 Bd5 19. c4 Be6 20. d5 Bxe5 21. dxe6+ fxe6 22. Ne4 Nbc6 23. g3 Bd4 24. Kg2 Bxf2 25. Kxf2 Qf5+ 26. Kg2 Rab8 27. Nf6+ Kc7 28. Qd4 Nxd4 0-1


[Site "https://www.chess.com"]

[Event "Late Titled Tuesday Blitz February 8 2022"]
[White "Ezat, Mohamed"]
[Black "Kiolbasa, Oliwia"]
[WhiteFideId "10600906"]
[BlackFideId "1154613"]
[WhiteElo "2386"]
[BlackElo "2190"]
[Result "1-0"]
[Round "04"]
[TimeControl "180+1"]
[Date "2022.02.09"]
[WhiteClock "0:01:19"]
[BlackClock "0:00:18"]

1. d4 d5 2. c4 e6 3. Nc3 Nf6 4. cxd5 exd5 5. Bg5 Nbd7 6. e3 c6 7. Qc2 Be7 8. Bd3 Nh5 9. Bxe7 Qxe7 10. Nge2 g6 11. O-O Ndf6 12. Rab1 O-O 13. b4 a6 14. Na4 Be6 15. Nc5 Ng7 16. a4 Bf5 17. b5 axb5 18. axb5 b6 19. Na6 cxb5 20. Nb4 Rfc8 21. Qd2 Ra4 22. Bxf5 Nxf5 23. Nd3 Ne4 24. Qb2 Nfd6 25. Nef4 Qg5 26. Ne5 h5 27. Nxd5 Rac4 28. f4 Qf5 29. Ne7+ 1-0


[Site "https://www.chess.com"]

[Event "Late Titled Tuesday Blitz February 8 2022"]
[White "Fishbein, Alexander"]
[Black "Jaskolka, Tomasz"]
[WhiteFideId "2000377"]
[BlackFideId "1170791"]
[WhiteElo "2442"]
[BlackElo "2054"]
[Result "1/2-1/2"]
[Round "04"]
[TimeControl "180+1"]
[Date "2022.02.09"]
[WhiteClock "0:00:13"]
[BlackClock "0:00:17"]

1. e4 c5 2. Nf3 e6 3. d4 cxd4 4. Nxd4 Nc6 5. Nc3 Qc7 6. g3 a6 7. Bg2 Nf6 8. O-O Nxd4 9. Qxd4 Bc5 10. Bf4 d6 11. Qd2 h6 12. Rad1 e5 13. Be3 Bb4 14. Nb5 axb5 15. Qxb4 Rxa2 16. Qxb5+ Bd7 17. Qb4 Ra6 18. c4 O-O 19. f3 Ra4 20. Qxd6 Qxd6 21. Rxd6 Rxc4 22. Rfd1 Be6 23. Rb6 Rb8 24. Bf1 Rc6 25. Rd6 Nd7 26. Rdxc6 bxc6 27. Rxb8+ Nxb8 28. Bc5 Nd7 29. Bd6 f6 30. Ba6 Nb6 31. b4 Kf7 32. Kf2 Bc4 33. Bb7 Bb5 34. Bc5 Nd7 35. Ba7 h5 36. Ke3 g6 37. f4 exf4+ 38. gxf4 g5 39. f5 Ne5 40. h3 h4 41. Bc8 Bf1 42. Be6+ Kg7 43. Bd4 Bxh3 44. Kf2 Nd3+ 45. Kf3 Nxb4 46. e5 Nd5 47. Bd7 Kf7 48. Be6+ Kg7 49. exf6+ Nxf6 50. Be5 g4+ 51. Kf4 g3 52. Kg5 g2 53. Bxf6+ Kf8 54. Bd4 c5 55. Bxc5+ Ke8 56. f6 Bxe6 57. f7+ Bxf7 58. Kxh4 Bd5 59. Kg3 Kf7 60. Kh2 Kg6 61. Kg1 Kf5 62. Bf2 Kg4 63. Bc5 Kf5 64. Ba7 Kg4 65. Bb6 Kf3 66. Ba7 Kf4 67. Bb6 Kg4 68. Ba7 Kg3 69. Bb6 Kf3 70. Ba7 Kg4 71. Bb6 Kg3 72. Ba7 Kh3 73. Bb6 Kg3 74. Ba7 1/2-1/2


[Site "https://www.chess.com"]

[Event "Late Titled Tuesday Blitz February 8 2022"]
[White "Garagulya, Konstantin"]
[Black "Christiansen, Johan-Sebastian"]
[WhiteFideId "4128931"]
[BlackFideId "1512668"]
[WhiteElo "2329"]
[BlackElo "2513"]
[Result "1-0"]
[Round "04"]
[TimeControl "180+1"]
[Date "2022.02.09"]
[WhiteClock "0:00:24"]
[BlackClock "0:00:56"]

1. d4 Nf6 2. Nf3 d5 3. c4 dxc4 4. e3 b5 5. a4 b4 6. Bxc4 e6 7. O-O Be7 8. b3 O-O 9. Bb2 Bb7 10. Nbd2 Nbd7 11. a5 c5 12. a6 Bc6 13. Qe2 Rc8 14. Rfd1 Qb6 15. Bd3 Qb8 16. Rdc1 Qa8 17. Ne1 Nd5 18. Ne4 cxd4 19. Bxd4 N5b6 20. f3 f5 21. Nc5 Nxc5 22. Bxc5 Bxc5 23. Rxc5 Nd5 24. Bc4 Kh8 25. Qd2 Rcd8 26. Nd3 Rfe8 27. Ne5 Nf6 28. Nf7+ Kg8 29. Nxd8 Rxd8 30. Bxe6+ Kh8 31. Qxb4 Bxf3 32. gxf3 Qxf3 33. Qf4 Qe2 34. Rc8 Rxc8 35. Bxc8 g6 36. Bb7 Ng4 37. Bf3 Qf2+ 38. Kh1 Nxe3 39. Qd4+ Kg8 40. Bd5+ Kf8 41. Qf6+ Ke8 42. Bc6# 1-0


[Site "https://www.chess.com"]

[Event "Late Titled Tuesday Blitz February 8 2022"]
[White "Garcia Martin, Marta"]
[Black "Stankovic, Ivan G"]
[WhiteFideId "32084030"]
[BlackFideId "902837"]
[WhiteElo "2102"]
[BlackElo "2195"]
[Result "1-0"]
[Round "04"]
[TimeControl "180+1"]
[Date "2022.02.09"]
[WhiteClock "0:00:27"]
[BlackClock "0:00:05"]

1. e4 c5 2. d4 cxd4 3. c3 d3 4. Bxd3 Nc6 5. Nf3 g6 6. c4 Bg7 7. O-O d6 8. Nc3 Nf6 9. h3 O-O 10. Rb1 a5 11. b3 Ng4 12. Bb2 Nge5 13. Nxe5 Nxe5 14. Be2 Bd7 15. Nd5 a4 16. Bd4 axb3 17. axb3 Bc6 18. Bb6 Qe8 19. Nc7 Qc8 20. Nxa8 Qxa8 21. f3 Qa2 22. Bd4 Qa3 23. b4 Ba4 24. Qd2 Rc8 25. Rfc1 Nc6 26. Bxg7 Kxg7 27. b5 Ne5 28. f4 Qc5+ 29. Kh2 Nd7 30. Bg4 e6 31. Qc3+ Kg8 32. f5 Ne5 33. fxe6 Nxg4+ 34. hxg4 fxe6 35. Qf6 Re8 36. Rf1 Qc7 37. Rbc1 d5+ 38. Kg1 dxc4 39. Rxc4 Qd7 40. Rxa4 1-0


[Site "https://www.chess.com"]

[Event "Late Titled Tuesday Blitz February 8 2022"]
[White "Gatterer, Florian"]
[Black "Aradhya, Garg"]
[WhiteFideId "811688"]
[BlackFideId "25006746"]
[WhiteElo "2218"]
[BlackElo "2169"]
[Result "0-1"]
[Round "04"]
[TimeControl "180+1"]
[Date "2022.02.09"]
[WhiteClock "0:00:15"]
[BlackClock "0:00:15"]

1. d4 d5 2. Bf4 c5 3. e3 Nc6 4. Nf3 Nf6 5. Nbd2 Nh5 6. dxc5 Nxf4 7. exf4 g6 8. Be2 Bg7 9. c3 d4 10. Ne4 O-O 11. cxd4 Nxd4 12. Nxd4 Qxd4 13. Qxd4 Bxd4 14. Nc3 Bxc5 15. Bf3 Rb8 16. O-O Bf5 17. Rfd1 Rfc8 18. g4 Be6 19. Ne4 Bb6 20. b3 Rc2 21. Rd2 Rxd2 22. Nxd2 Bc7 23. f5 gxf5 24. gxf5 Bxf5 25. Re1 e6 26. Ne4 Kg7 27. Rd1 Kf8 28. Ng3 Bxg3 29. hxg3 Ke7 30. Rc1 Kd6 31. Rd1+ Kc7 32. Rc1+ Kb6 33. Rc4 a5 34. g4 Bg6 35. Rd4 Kc7 36. a3 f5 37. b4 axb4 38. axb4 b5 39. gxf5 Bxf5 40. Kh2 Rb6 41. Be2 Bg6 42. Rd2 Be4 43. Ra2 Bc6 44. Ra3 Rb8 45. Rh3 Be4 46. f3 Bf5 47. Kg3 Bxh3 48. Kxh3 Kb6 49. Kg3 Rd8 50. Kf4 Rd4+ 51. Ke5 Rxb4 52. Kxe6 h5 53. Ke5 h4 54. f4 h3 55. Bf3 h2 56. f5 Rb1 57. f6 h1=Q 58. f7 Qxf3 59. f8=Q Qxf8 0-1


[Site "https://www.chess.com"]

[Event "Late Titled Tuesday Blitz February 8 2022"]
[White "Goltseva, Ekaterina"]
[Black "Xie, Bryan"]
[WhiteFideId "24173770"]
[BlackFideId "30941296"]
[WhiteElo "2140"]
[BlackElo "1899"]
[Result "1-0"]
[Round "04"]
[TimeControl "180+1"]
[Date "2022.02.09"]
[WhiteClock "0:00:36"]
[BlackClock "0:00:01"]

1. d4 Nf6 2. c4 e6 3. Nc3 Bb4 4. g3 O-O 5. Bg2 c5 6. dxc5 Na6 7. Qc2 Nxc5 8. Nh3 d5 9. cxd5 Nxd5 10. O-O Bxc3 11. bxc3 Qc7 12. Ng5 Nf6 13. Ba3 Re8 14. c4 h6 15. Nf3 Bd7 16. Nd4 Rac8 17. Rab1 b6 18. Rfc1 Red8 19. Nb5 Bxb5 20. cxb5 Qb8 21. Bc6 Ncd7 22. Be7 Re8 23. Bxf6 Nxf6 24. Qa4 Red8 25. Rd1 Qc7 26. Rbc1 Rxd1+ 27. Rxd1 a5 28. Qd4 Kf8 29. e4 Ke7 30. e5 Ne8 31. Qd7+ Qxd7 32. Rxd7+ Kf8 33. Rb7 Rd8 34. Rxb6 Nc7 35. Rb7 1-0


[Site "https://www.chess.com"]

[Event "Late Titled Tuesday Blitz February 8 2022"]
[White "Gomez Ledo, Roberto Carlos"]
[Black "Dobre, Claudiu-Cristian"]
[WhiteFideId "3507076"]
[BlackFideId "1211854"]
[WhiteElo "2379"]
[BlackElo "2207"]
[Result "1/2-1/2"]
[Round "04"]
[TimeControl "180+1"]
[Date "2022.02.09"]
[WhiteClock "0:00:06"]
[BlackClock "0:00:08"]

1. d4 d5 2. Bf4 Nf6 3. e3 e6 4. Nd2 c5 5. c3 Nc6 6. Ngf3 Bd6 7. Bg3 O-O 8. Bd3 h6 9. Qe2 Re8 10. Ne5 Ne7 11. f4 Nf5 12. Bf2 Bf8 13. g4 Nd6 14. Qf3 b6 15. g5 Nfe4 16. Nxe4 dxe4 17. Bxe4 Nxe4 18. Qxe4 Qd5 19. Qxd5 exd5 20. Rg1 hxg5 21. fxg5 Bd6 22. Bg3 g6 23. Kd2 Bf5 24. Nxf7 Kxf7 25. Bxd6 cxd4 26. exd4 Re4 27. Rae1 Rae8 28. Bg3 Rxe1 29. Rxe1 Rxe1 30. Kxe1 b5 31. Kd2 Bb1 32. a3 Ke6 33. b3 Bf5 34. Be5 Bg4 35. h4 Bf3 36. Ke3 Bd1 37. b4 Kf5 38. Kd2 Bh5 39. Bf6 a6 40. Ke3 Bg4 41. Be7 Bh5 42. Bf6 Bg4 43. c4 dxc4 44. d5 Bh3 45. Kd4 Bg2 46. d6 Ke6 47. Be7 Bf3 48. Kc3 Kd7 49. Kd4 Bg4 50. Kc3 Bf3 51. Kd4 Bg4 52. Ke3 Bh5 53. Kd2 Bg4 54. Kc3 Bh5 55. Kd4 Bg4 1/2-1/2


[Site "https://www.chess.com"]

[Event "Late Titled Tuesday Blitz February 8 2022"]
[White "Goryachkina, Aleksandra"]
[Black "Yang, Qindong"]
[WhiteFideId "4147103"]
[BlackFideId "8603758"]
[WhiteElo "2426"]
[BlackElo "2101"]
[Result "1-0"]
[Round "04"]
[TimeControl "180+1"]
[Date "2022.02.09"]
[WhiteClock "0:00:49"]
[BlackClock "0:00:17"]

1. e4 d6 2. d4 Nf6 3. Nc3 g6 4. f4 Bg7 5. Nf3 O-O 6. Bd3 Nc6 7. e5 dxe5 8. dxe5 Nd5 9. Nxd5 Qxd5 10. Qe2 Bg4 11. Be4 Qa5+ 12. Bd2 Qb6 13. O-O-O Nd4 14. Qe3 Nxf3 15. gxf3 Bf5 16. Qa3 Bxe4 17. fxe4 Qe6 18. h4 Rfd8 19. h5 c5 20. hxg6 fxg6 21. f5 Qxe5 22. Qb3+ e6 23. fxe6 c4 24. Qxb7 Qxe6 25. Bc3 Rab8 26. Qxg7# 1-0


[Site "https://www.chess.com"]

[Event "Late Titled Tuesday Blitz February 8 2022"]
[White "Guz, Ari"]
[Black "Bambino Filho, Antonio Carlos"]
[WhiteFideId "2825759"]
[BlackFideId "2113163"]
[WhiteElo "1913"]
[BlackElo "2453"]
[Result "1-0"]
[Round "04"]
[TimeControl "180+1"]
[Date "2022.02.09"]
[WhiteClock "0:00:15"]
[BlackClock "0:00:14"]

1. b3 d5 2. Bb2 Nf6 3. Nf3 g6 4. e3 Bg7 5. c4 O-O 6. Be2 c5 7. O-O Nc6 8. cxd5 Qxd5 9. Nc3 Qd7 10. Bb5 Rd8 11. Ne5 Qc7 12. Nxc6 bxc6 13. Bc4 Bf5 14. Qe2 Nd5 15. Rac1 Nb4 16. e4 Be6 17. Bxe6 fxe6 18. Na4 Nd3 19. Bxg7 Nxc1 20. Rxc1 Kxg7 21. Nxc5 Qe5 22. Qe3 Kf7 23. h4 Rd6 24. Rd1 Qh5 25. f3 Kg8 26. d4 Qxh4 27. e5 Rd5 28. Nxe6 Rc8 29. Nf4 Rdd8 30. Qe4 g5 31. Ne6 Qxe4 32. fxe4 Rd7 33. Nxg5 c5 34. d5 c4 35. Rc1 c3 36. Nf3 a5 37. Kf2 a4 38. Ke3 axb3 39. axb3 Rb7 40. Nd4 Ra7 41. Kd3 Ra2 42. Rxc3 Rxc3+ 43. Kxc3 Rxg2 44. d6 Kf7 45. d7 Rg8 46. Nc6 h5 47. d8=Q Rxd8 48. Nxd8+ Kg6 49. Ne6 h4 50. Nf4+ Kg5 51. Nh3+ Kg4 52. Ng1 Kg3 53. b4 Kg2 54. Ne2 Kf2 55. Nf4 Kg3 56. Nh5+ Kg4 57. Nf6+ Kg3 58. Nh5+ Kg4 59. b5 h3 60. Nf6+ Kg5 61. b6 h2 62. b7 h1=Q 63. b8=Q Qc1+ 64. Kd4 Qd2+ 65. Kc5 Qc3+ 66. Kd5 Qd3+ 67. Ke6 exf6 68. Qg8+ Kf4 69. exf6 Qxe4+ 70. Kf7 Ke5 71. Qe8+ 1-0


[Site "https://www.chess.com"]

[Event "Late Titled Tuesday Blitz February 8 2022"]
[White "Haussernot, Cecile"]
[Black "Degardin, Sylvain"]
[WhiteFideId "601632"]
[BlackFideId "20623070"]
[WhiteElo "2288"]
[BlackElo "2156"]
[Result "1-0"]
[Round "04"]
[TimeControl "180+1"]
[Date "2022.02.09"]
[WhiteClock "0:00:39"]
[BlackClock "0:00:02"]

1. e4 c5 2. Nf3 d6 3. d4 cxd4 4. Nxd4 Nf6 5. Nc3 Nc6 6. Bg5 e6 7. Qd2 a6 8. O-O-O Bd7 9. f4 Be7 10. Nf3 b5 11. e5 b4 12. Ne2 dxe5 13. fxe5 Nd5 14. h4 h6 15. Bxe7 Qxe7 16. Ned4 Nxd4 17. Qxd4 O-O 18. Bd3 Rfc8 19. Rh3 Bb5 20. Rg3 Bxd3 21. Qxd3 Qc5 22. Nd4 Nf4 23. Qe3 Nh5 24. Rg4 Kh7 25. Qe4+ g6 26. Rf1 Qe7 27. Nc6 Qe8 28. Nxb4 a5 29. Nd3 Rc7 30. c4 Rac8 31. c5 a4 32. a3 Ng7 33. h5 Nf5 34. Rh1 1-0


[Site "https://www.chess.com"]

[Event "Late Titled Tuesday Blitz February 8 2022"]
[White "Hess, Robert"]
[Black "Gracia Alvarez, Gerardo Antonio"]
[WhiteFideId "2022036"]
[BlackFideId "5109124"]
[WhiteElo "2557"]
[BlackElo "2139"]
[Result "1-0"]
[Round "04"]
[TimeControl "180+1"]
[Date "2022.02.09"]
[WhiteClock "0:00:07"]
[BlackClock "0:00:08"]

1. b3 e5 2. Bb2 Nc6 3. h3 d5 4. d3 Nf6 5. Nd2 Bd6 6. e3 Qe7 7. a3 O-O 8. Ne2 Re8 9. g4 Be6 10. Bg2 Rad8 11. Ng3 e4 12. dxe4 Bxg3 13. fxg3 Nxe4 14. Nxe4 dxe4 15. Qe2 Qd6 16. Kf2 Bc8 17. Rhd1 Qg6 18. Rxd8 Rxd8 19. Rd1 Re8 20. Qb5 Kh8 21. Qc5 f5 22. Rd5 Ne7 23. Re5 Qf7 24. g5 Nc6 25. Rxe8+ Qxe8 26. Bf1 a6 27. h4 Qe7 28. Qc3 Kg8 29. Bc4+ Kf8 30. a4 Nd8 31. b4 Be6 32. Be2 Bd5 33. b5 Kg8 34. bxa6 bxa6 35. Bxa6 Ne6 36. Qe5 Qc5 37. c4 Qb4 38. cxd5 Qd2+ 39. Be2 1-0


[Site "https://www.chess.com"]

[Event "Late Titled Tuesday Blitz February 8 2022"]
[White "Hoffmann, Asa"]
[Black "Vusatiuk, Vladimir"]
[WhiteFideId "2001470"]
[BlackFideId "14118610"]
[WhiteElo "2117"]
[BlackElo "2157"]
[Result "0-1"]
[Round "04"]
[TimeControl "180+1"]
[Date "2022.02.09"]
[WhiteClock "0:00:52"]
[BlackClock "0:00:11"]

1. d4 f5 2. Nc3 Nf6 3. Bg5 d5 4. f3 c5 5. e4 cxd4 6. Qxd4 Nc6 7. Bb5 dxe4 8. Qxd8+ Kxd8 9. Bxc6 bxc6 10. O-O-O+ Kc7 11. fxe4 Nxe4 12. Bf4+ Nd6 13. Nf3 h6 14. h4 g6 15. Ne5 Rg8 16. Rhe1 g5 17. hxg5 hxg5 18. Bh2 f4 19. Bg1 Bf5 20. Bc5 Bg7 21. Nf3 Bf6 22. Nd4 Bg4 23. Ne6+ Kb7 24. Rd2 Rge8 25. Ne4 Bxe6 26. Nxf6 exf6 27. Rxd6 Bd5 28. Rg1 Re2 29. Rxf6 Rxg2 30. Rf1 Rc8 31. b3 f3 32. c4 Be4 33. Re6 Rc2+ 34. Kd1 Rxa2 35. Rxe4 Ra1+ 36. Kd2 Rxf1 37. Rg4 f2 38. Ke2 Rg1 39. Rxg1 fxg1=Q 40. Bxg1 a5 41. Be3 Re8 42. Kf3 Rxe3+ 43. Kxe3 Kb6 0-1


[Site "https://www.chess.com"]

[Event "Late Titled Tuesday Blitz February 8 2022"]
[White "Horvath, Dominik"]
[Black "Al Hosani, Omran"]
[WhiteFideId "1642561"]
[BlackFideId "9308733"]
[WhiteElo "2336"]
[BlackElo "2246"]
[Result "1-0"]
[Round "04"]
[TimeControl "180+1"]
[Date "2022.02.08"]
[WhiteClock "0:00:21"]
[BlackClock "0:00:03"]

1. e4 c5 2. Nf3 Nc6 3. d4 cxd4 4. Nxd4 Nf6 5. Nc3 e5 6. Ndb5 d6 7. Nd5 Nxd5 8. exd5 Ne7 9. c4 Ng6 10. h4 h5 11. Qa4 Bd7 12. Qb4 Qb8 13. Be3 a6 14. Nc3 Be7 15. Na4 Bxa4 16. Qxa4+ Kf8 17. Bd3 Nxh4 18. O-O Qc8 19. c5 dxc5 20. d6 Bf6 21. Rac1 b5 22. Qe4 c4 23. b3 g6 24. bxc4 Kg7 25. c5 Nf5 26. Qd5 Nxe3 27. fxe3 Qg4 28. Rc2 Qg5 29. Rf3 h4 30. Rcf2 e4 31. Qxe4 Rae8 32. Qb7 Rxe3 33. Rxf6 Re1+ 34. Bf1 Rf8 35. Rxf7+ Kh6 36. Rh7# 1-0


[Site "https://www.chess.com"]

[Event "Late Titled Tuesday Blitz February 8 2022"]
[White "Indjic, Aleksandar"]
[Black "Jaferian, Koosha"]
[WhiteFideId "911925"]
[BlackFideId "12507440"]
[WhiteElo "2616"]
[BlackElo "2027"]
[Result "1-0"]
[Round "04"]
[TimeControl "180+1"]
[Date "2022.02.08"]
[WhiteClock "0:01:48"]
[BlackClock "0:01:47"]

1. d4 Nf6 2. Nf3 e6 3. Bg5 Be7 4. Nbd2 d5 5. c3 O-O 6. e3 c5 7. Bd3 Nc6 8. h4 Nd7 9. Bf4 f6 10. Qb1 e5 11. Bxh7+ Kh8 12. Bg6 exf4 13. Qf5 1-0


[Site "https://www.chess.com"]